[ AOE2 MATCH · #506004693 ]
UnrankedPortuguese vs Mongols
Player's team · WIN
Rival team · LOSS
[ REPLAY ANALYSIS · EXTRACTED FROM THE RECORDED GAME ]
Feudal
9:57
Castle
20:45
Imperial
—
| APM avg | 68.1 |
| APM peak | 105 |
| eAPM avg | 26.7 |
| Villagers / military | 116 / 66 |
Focus
⚔️ 37.4% · 🌾 62.6%
Skirmisher ×36 · Scout Cavalry ×12 · Archer ×9 · Monk ×5 · Militia ×2 · Spearman ×2
Feudal
14:20
Castle
18:15
Imperial
—
| APM avg | 58.9 |
| APM peak | 114 |
| eAPM avg | 24.0 |
| Villagers / military | 77 / 52 |
Focus
⚔️ 54.7% · 🌾 45.3%
Mangudai ×26 · Scout Cavalry ×9 · Knight ×7 · Militia ×5 · Mangonel ×2 · Camel Scout ×2
Match map
Initial resources + every placement click. Lines = walls · curves = elevation contours. ◆ gold · ⬟ stone · ● berries · ✦ relic · ◌ wall gap
Your base· Open — opponent sealed themselves in
RedPhosphoru's base· ✓ Closed at 18:15 · 60t walls · 1 gate(s)
Smoothed initial terrain · ◌ = detected wall gap · hover for details
Inputs per minute
— Survivalist - - RedPhosphoru
Build order — Survivalist
First 150 of 307 actions detected
| 0:00 | Create | Villager (Male) |
| 0:02 | Build | House |
| 0:03 | Build | House |
| 0:07 | Create | Villager (Male) |
| 0:09 | Create | Villager (Male) |
| 0:09 | Create | Villager (Male) |
| 1:24 | Create | Villager (Male) |
| 1:24 | Create | Villager (Male) |
| 1:55 | Build | Lumber Camp |
| 1:58 | Create | Villager (Male) |
| 1:58 | Create | Villager (Male) |
| 2:22 | Create | Villager (Male) |
| 2:22 | Create | Villager (Male) |
| 2:51 | Create | Villager (Male) |
| 3:10 | Create | Villager (Male) |
| 3:17 | Research | Loom |
| 3:44 | Create | Villager (Male) |
| 3:44 | Create | Villager (Male) |
| 3:56 | Build | House |
| 4:34 | Create | Villager (Male) |
| 4:34 | Create | Villager (Male) |
| 4:41 | Create | Villager (Male) |
| 4:41 | Create | Villager (Male) |
| 4:48 | Build | Mill |
| 5:01 | Create | Villager (Male) |
| 5:18 | Create | Villager (Male) |
| 5:18 | Create | Villager (Male) |
| 6:10 | Build | Mining Camp |
| 6:13 | Build | Palisade Wall |
| 6:15 | Create | Villager (Male) |
| 6:28 | Build | House |
| 6:34 | Create | Villager (Male) |
| 6:49 | Create | Villager (Male) |
| 6:52 | Build | House |
| 6:59 | Build | Palisade Wall |
| 7:00 | Build | Palisade Wall |
| 7:06 | Build | Palisade Wall |
| 7:15 | Create | Villager (Male) |
| 7:47 | Research | Feudal Age |
| 8:51 | Build | Barracks |
| 9:14 | Create | Villager (Male) |
| 9:16 | Build | Palisade Wall |
| 9:18 | Build | Palisade Wall |
| 9:20 | Build | Palisade Wall |
| 9:21 | Build | Palisade Wall |
| 9:50 | Create | Militia |
| 9:50 | Create | Militia |
| 9:53 | Create | Villager (Male) |
| 9:57 | Age | Feudal Age |
| 10:00 | Build | Archery Range |
| 10:04 | Research | Double-Bit Axe |
| 10:04 | Research | Double-Bit Axe |
| 10:18 | Build | Watch Tower |
| 10:19 | Create | Villager (Male) |
| 10:24 | Build | Farm |
| 10:25 | Build | Farm |
| 10:27 | Create | Villager (Male) |
| 10:32 | Build | House |
| 10:37 | Research | Town Watch |
| 10:49 | Create | Villager (Male) |
| 10:54 | Create | Archer |
| 10:58 | Create | Villager (Male) |
| 11:11 | Create | Archer |
| 11:13 | Create | Villager (Male) |
| 11:19 | Build | Farm |
| 11:22 | Build | Farm |
| 11:42 | Create | Villager (Male) |
| 11:43 | Create | Archer |
| 12:05 | Build | House |
| 12:28 | Create | Villager (Male) |
| 12:38 | Create | Villager (Male) |
| 12:40 | Build | Blacksmith |
| 12:45 | Create | Archer |
| 12:48 | Create | Villager (Male) |
| 12:55 | Create | Villager (Male) |
| 13:18 | Create | Archer |
| 13:20 | Create | Villager (Male) |
| 13:20 | Create | Villager (Male) |
| 13:26 | Build | Farm |
| 13:27 | Build | Farm |
| 13:30 | Build | Farm |
| 13:40 | Build | House |
| 13:44 | Research | Fletching |
| 14:03 | Create | Villager (Male) |
| 14:19 | Build | Mill |
| 14:32 | Build | Farm |
| 14:33 | Create | Villager (Male) |
| 14:43 | Create | Archer |
| 14:58 | Create | Villager (Male) |
| 15:13 | Research | Wheelbarrow |
| 15:15 | Build | Farm |
| 15:17 | Build | House |
| 15:55 | Build | Market |
| 16:06 | Create | Villager (Male) |
| 16:32 | Create | Villager (Male) |
| 16:43 | Build | Farm |
| 16:45 | Build | Farm |
| 16:47 | Build | Lumber Camp |
| 17:06 | Create | Villager (Male) |
| 17:14 | Build | House |
| 17:25 | Create | Villager (Male) |
| 17:33 | Create | Skirmisher |
| 18:05 | Research | Castle Age |
| 18:05 | Research | Castle Age |
| 18:12 | Create | Archer |
| 18:29 | Create | Skirmisher |
| 18:36 | Create | Villager (Male) |
| 18:39 | Build | Archery Range |
| 18:42 | Build | Palisade Wall |
| 18:50 | Create | Skirmisher |
| 18:50 | Create | Skirmisher |
| 19:02 | Create | Villager (Male) |
| 19:37 | Create | Skirmisher |
| 19:38 | Create | Skirmisher |
| 19:40 | Build | Farm |
| 19:44 | Research | Horse Collar |
| 19:47 | Build | Farm |
| 19:49 | Create | Archer |
| 19:52 | Create | Villager (Male) |
| 19:58 | Build | Palisade Wall |
| 20:01 | Build | Palisade Wall |
| 20:04 | Build | Palisade Wall |
| 20:05 | Build | Palisade Wall |
| 20:08 | Create | Archer |
| 20:10 | Create | Spearman |
| 20:10 | Create | Spearman |
| 20:25 | Build | House |
| 20:26 | Build | House |
| 20:26 | Build | House |
| 20:38 | Build | Stable |
| 20:42 | Build | Stable |
| 20:45 | Age | Castle Age |
| 20:48 | Build | Stable |
| 20:55 | Create | Villager (Male) |
| 20:58 | Build | Monastery |
| 21:02 | Build | Monastery |
| 21:09 | Research | Light Cavalry (upgrade) |
| 21:10 | Create | Scout Cavalry |
| 21:12 | Research | Scale Barding Armor |
| 21:21 | Create | Scout Cavalry |
| 21:32 | Create | Villager (Male) |
| 21:36 | Create | Scout Cavalry |
| 21:40 | Create | Monk |
| 21:52 | Build | Mining Camp |
| 21:54 | Create | Villager (Male) |
| 21:56 | Create | Scout Cavalry |
| 22:04 | Create | Villager (Male) |
| 22:09 | Create | Scout Cavalry |
| 22:09 | Create | Scout Cavalry |
| 22:15 | Create | Villager (Male) |
Build order — RedPhosphoru
First 150 of 244 actions detected
| 0:00 | Create | Villager (Male) |
| 0:00 | Create | Villager (Male) |
| 0:02 | Build | House |
| 0:03 | Build | House |
| 0:07 | Create | Villager (Male) |
| 0:12 | Create | Villager (Male) |
| 1:10 | Create | Villager (Male) |
| 1:32 | Create | Villager (Male) |
| 1:50 | Create | Villager (Male) |
| 2:13 | Create | Villager (Male) |
| 2:36 | Create | Villager (Male) |
| 2:48 | Build | Barracks |
| 2:49 | Build | Palisade Wall |
| 2:50 | Build | Palisade Wall |
| 2:51 | Build | Palisade Wall |
| 2:52 | Build | Palisade Wall |
| 3:02 | Create | Villager (Male) |
| 3:22 | Build | House |
| 3:27 | Create | Villager (Male) |
| 3:37 | Build | House |
| 3:45 | Create | Militia |
| 4:03 | Create | Militia ×3 |
| 4:06 | Create | Villager (Male) |
| 4:26 | Create | Villager (Male) |
| 4:30 | Build | House |
| 4:32 | Create | Villager (Male) |
| 4:55 | Create | Militia |
| 5:02 | Create | Villager (Male) |
| 5:06 | Build | House |
| 5:24 | Build | Palisade Wall |
| 5:29 | Create | Villager (Male) |
| 5:42 | Create | Villager (Male) |
| 6:26 | Create | Villager (Male) |
| 6:34 | Build | House |
| 6:36 | Build | Palisade Wall |
| 6:38 | Build | Palisade Wall |
| 6:39 | Build | Palisade Wall |
| 6:41 | Create | Villager (Male) |
| 6:49 | Build | Lumber Camp |
| 6:57 | Create | Villager (Male) |
| 7:20 | Create | Villager (Male) |
| 7:33 | Create | Villager (Male) |
| 7:42 | Build | House |
| 7:43 | Create | Villager (Male) |
| 8:10 | Build | Mill |
| 8:22 | Create | Villager (Male) |
| 8:27 | Build | House |
| 8:29 | Build | Palisade Wall |
| 8:30 | Build | Palisade Wall |
| 8:31 | Build | Palisade Wall |
| 8:32 | Build | Palisade Wall |
| 8:34 | Build | Palisade Wall |
| 8:36 | Build | Palisade Wall |
| 8:36 | Build | Palisade Wall |
| 8:41 | Create | Villager (Male) |
| 9:07 | Create | Villager (Male) |
| 9:26 | Build | Palisade Wall |
| 9:39 | Build | Mill |
| 9:40 | Create | Villager (Male) |
| 9:50 | Create | Villager (Male) |
| 9:56 | Build | Palisade Wall |
| 9:56 | Build | Palisade Wall |
| 9:57 | Build | Palisade Wall |
| 9:57 | Build | Palisade Wall |
| 10:17 | Build | Mining Camp |
| 10:38 | Create | Villager (Male) |
| 10:44 | Create | Villager (Male) |
| 10:57 | Build | Mill |
| 11:20 | Build | Farm |
| 11:29 | Build | Palisade Wall |
| 11:29 | Build | Palisade Wall |
| 11:29 | Build | Palisade Wall |
| 11:30 | Build | Palisade Wall |
| 11:30 | Build | Palisade Wall |
| 11:30 | Build | Palisade Wall |
| 11:30 | Build | Palisade Wall |
| 11:31 | Build | Palisade Wall |
| 11:31 | Build | Palisade Wall |
| 11:45 | Research | Loom |
| 11:48 | Research | Feudal Age |
| 12:26 | Build | House |
| 12:46 | Create | Villager (Male) |
| 12:52 | Build | House |
| 12:55 | Build | Palisade Wall |
| 12:56 | Build | House |
| 13:10 | Build | Palisade Gate |
| 13:30 | Create | Villager (Male) |
| 14:07 | Build | House |
| 14:20 | Age | Feudal Age |
| 14:26 | Build | Market |
| 14:33 | Build | Blacksmith |
| 14:46 | Create | Villager (Male) |
| 15:02 | Build | Watch Tower |
| 15:34 | Research | Castle Age |
| 15:49 | Build | Farm |
| 15:51 | Build | Farm |
| 16:12 | Research | Double-Bit Axe |
| 16:37 | Build | Mining Camp |
| 16:51 | Build | Stable |
| 16:58 | Create | Villager (Male) |
| 17:32 | Build | Lumber Camp |
| 17:48 | Build | Stable |
| 17:51 | Research | Bloodlines |
| 18:06 | Research | Scale Barding Armor |
| 18:15 | Age | Castle Age |
| 18:18 | Build | Siege Workshop |
| 18:19 | Create | Knight |
| 18:24 | Build | Siege Workshop |
| 18:26 | Create | Knight |
| 18:28 | Create | Villager (Male) |
| 18:30 | Build | Farm |
| 18:33 | Build | Farm |
| 18:35 | Create | Knight |
| 18:43 | Create | Villager (Male) |
| 19:11 | Research | Bow Saw |
| 19:11 | Research | Bow Saw |
| 19:19 | Create | Mangonel |
| 19:21 | Create | Villager (Male) |
| 19:25 | Build | House |
| 19:33 | Create | Villager (Male) |
| 19:46 | Create | Villager (Male) |
| 19:50 | Create | Knight |
| 19:50 | Create | Knight |
| 19:56 | Build | House |
| 20:12 | Create | Villager (Male) |
| 20:22 | Create | Mangonel |
| 20:41 | Create | Camel Scout |
| 20:41 | Create | Camel Scout |
| 20:45 | Create | Knight |
| 20:45 | Create | Knight |
| 20:59 | Create | Scorpion |
| 21:01 | Create | Villager (Male) |
| 21:13 | Build | House |
| 21:20 | Build | Mining Camp |
| 21:28 | Build | Farm |
| 21:28 | Build | Farm |
| 21:29 | Build | Farm |
| 21:38 | Create | Villager (Male) |
| 21:59 | Build | Farm |
| 21:59 | Build | Farm |
| 22:00 | Build | Farm |
| 22:00 | Build | Farm |
| 22:03 | Create | Villager (Male) |
| 22:18 | Create | Villager (Male) |
| 22:21 | Create | Villager (Male) |
| 22:38 | Build | House |
| 23:05 | Create | Villager (Male) |
| 23:17 | Create | Villager (Male) |
| 23:22 | Build | Farm |
| 23:23 | Build | Farm |
Match timeline
| 2:48 | RedPhosphoru · first_building Barracks |
| 2:49 | RedPhosphoru · wall_segment Palisade Wall x1 |
| 2:50 | RedPhosphoru · wall_segment Palisade Wall x1 |
| 2:51 | RedPhosphoru · wall_segment Palisade Wall x1 |
| 2:52 | RedPhosphoru · wall_segment Palisade Wall x1 |
| 5:24 | RedPhosphoru · wall_segment Palisade Wall x9 |
| 6:13 | Survivalist · wall_segment Palisade Wall x1 |
| 6:36 | RedPhosphoru · wall_segment Palisade Wall x9 |
| 6:38 | RedPhosphoru · wall_segment Palisade Wall x1 |
| 6:39 | RedPhosphoru · wall_segment Palisade Wall x1 |
| 6:59 | Survivalist · wall_segment Palisade Wall x1 |
| 7:00 | Survivalist · wall_segment Palisade Wall x1 |
| 7:06 | Survivalist · wall_segment Palisade Wall x1 |
| 8:29 | RedPhosphoru · wall_segment Palisade Wall x3 |
| 8:30 | RedPhosphoru · wall_segment Palisade Wall x2 |
| 8:31 | RedPhosphoru · wall_segment Palisade Wall x4 |
| 8:32 | RedPhosphoru · wall_segment Palisade Wall x2 |
| 8:34 | RedPhosphoru · wall_segment Palisade Wall x5 |
| 8:36 | RedPhosphoru · wall_segment Palisade Wall x4 |
| 8:36 | RedPhosphoru · wall_segment Palisade Wall x1 |
| 8:51 | Survivalist · first_building Barracks |
| 9:16 | Survivalist · wall_segment Palisade Wall x1 |
| 9:18 | Survivalist · wall_segment Palisade Wall x1 |
| 9:20 | Survivalist · wall_segment Palisade Wall x1 |
| 9:21 | Survivalist · wall_segment Palisade Wall x1 |
| 9:26 | RedPhosphoru · wall_segment Palisade Wall x1 |
| 9:56 | RedPhosphoru · wall_segment Palisade Wall x1 |
| 9:56 | RedPhosphoru · wall_segment Palisade Wall x1 |
| 9:57 | RedPhosphoru · wall_segment Palisade Wall x1 |
| 9:57 | Survivalist · age_up feudal |
| 9:57 | RedPhosphoru · wall_segment Palisade Wall x1 |
| 10:00 | Survivalist · first_building Archery Range |
| 11:29 | RedPhosphoru · wall_segment Palisade Wall x2 |
| 11:29 | RedPhosphoru · wall_segment Palisade Wall x2 |
| 11:29 | RedPhosphoru · wall_segment Palisade Wall x2 |
| 11:30 | RedPhosphoru · wall_segment Palisade Wall x2 |
| 11:30 | RedPhosphoru · wall_segment Palisade Wall x1 |
| 11:30 | RedPhosphoru · wall_segment Palisade Wall x2 |
| 11:30 | RedPhosphoru · wall_segment Palisade Wall x2 |
| 11:31 | RedPhosphoru · wall_segment Palisade Wall x1 |
| 11:31 | RedPhosphoru · wall_segment Palisade Wall x1 |
| 12:55 | RedPhosphoru · wall_segment Palisade Wall x1 |
| 14:20 | RedPhosphoru · age_up feudal |
| 16:49 | RedPhosphoru · first_market_buy 100 wood |
| 16:51 | RedPhosphoru · first_building Stable |
| 17:34 | Survivalist · first_market_sell 500 wood |
| 17:35 | Survivalist · first_market_buy 100 food |
| 18:15 | RedPhosphoru · age_up castle |
| 18:18 | RedPhosphoru · first_building Siege Workshop |
| 18:42 | Survivalist · wall_segment Palisade Wall x2 |
| 19:58 | Survivalist · wall_segment Palisade Wall x1 |
| 20:01 | Survivalist · wall_segment Palisade Wall x1 |
| 20:04 | Survivalist · wall_segment Palisade Wall x1 |
| 20:05 | Survivalist · wall_segment Palisade Wall x1 |
| 20:38 | Survivalist · first_building Stable |
| 20:45 | Survivalist · age_up castle |
| 20:58 | Survivalist · first_building Monastery |
| 23:38 | Survivalist · wall_segment Palisade Wall x1 |
| 23:39 | Survivalist · wall_segment Palisade Wall x1 |
| 23:41 | Survivalist · wall_segment Palisade Wall x1 |
| 23:42 | Survivalist · wall_segment Palisade Wall x1 |
| 23:42 | Survivalist · wall_segment Palisade Wall x1 |
| 23:54 | Survivalist · wall_segment Palisade Wall x1 |
| 23:57 | Survivalist · wall_segment Palisade Wall x1 |
| 24:22 | RedPhosphoru · first_building Castle |
| 24:55 | RedPhosphoru · wall_segment Stone Wall x1 |
| 24:56 | RedPhosphoru · wall_segment Stone Wall x6 |
| 27:03 | RedPhosphoru · wall_segment Stone Wall x1 |
| 27:40 | RedPhosphoru · wall_segment Palisade Wall x1 |
| 29:46 | RedPhosphoru · wall_segment Stone Wall x1 |
| 31:46 | RedPhosphoru · first_market_sell 100 wood |
| 34:21 | RedPhosphoru · resign |
[ AI ANALYSIS · 1 CREDIT ]
What really happened in this match?
Wolo.gg analyzes every decision: build order, eco, micro, common mistakes by bracket. Personalized analysis on WhatsApp or Discord in 30 seconds.
Civ guide
Portuguese
Perfil
Jugador #247224